 Dungeon Crawl Stone Soup version 0.23-a0-586-gacb4b3f (webtiles) character file.

133 inc the Conjurer (level 4, 18/18 HPs)
             Began as a Felid Conjurer on Dec 18, 2018.
             Was a Follower of Elyvilon.
             Quit the game on level 4 of the Dungeon.
             The game lasted 00:07:02 (3585 turns).

inc the Conjurer (Felid Conjurer)                   Turns: 3585, Time: 00:07:02

Health: 18/18      AC:  1    Str:  4    XL:     4   Next: 93%
Magic:  10/10      EV: 18    Int: 18    God:    Elyvilon [*.....]
Gold:   109        SH:  0    Dex: 16    Spells: 4/10 levels left
                                        Lives:  0   Deaths: 1

rFire    . . .     SeeInvis +   (weapon unavailable)
rCold    . . .     Gourm    .   (shield unavailable)
rNeg     . . .     Faith    .   (armour unavailable)
rPois    .         Spirit   .   (helmet unavailable)
rElec    .         Reflect  .   (cloak unavailable)
rCorr    .         Harm     .   (gloves unavailable)
MR       .....                  (boots unavailable)
Stlth    ++........             (no amulet)
HPRegen  0.06/turn              d - ring of flight
MPRegen  0.12/turn              n - ring of attention (curse)

@: quick
A: very small, no armour, no weapons or thrown items, stealth, claws 1, fangs 3,
see invisible, carnivore, speed 1, shaggy fur 1, slow metabolism 1, sharp paws
a: Lesser Healing, Divine Protection, Renounce Religion, Evoke Flight


You were on level 4 of the Dungeon.
You worshipped Elyvilon.
Elyvilon was aware of your devotion.
You were not hungry.

You visited 1 branch of the dungeon, and saw 4 of its levels.

You collected 109 gold pieces.

Inventory:

Jewellery
 d - a ring of flight (left paw)
 n - a cursed ring of attention (right paw)
Scrolls
 h - a scroll of magic mapping
 j - a scroll of remove curse {unknown}
 l - a scroll of teleportation
 o - a scroll of identify
Potions
 a - a potion of lignification {unknown}
 c - 3 potions of curing
 e - a potion of heal wounds {unknown}
 f - 4 potions of brilliance
 g - a potion of agility {unknown}
 i - a potion of berserk rage {unknown}
 k - a potion of flight {unknown}
 m - 2 potions of haste
Comestibles
 b - 10 rations


   Skills:
 - Level 2.6 Dodging
 - Level 2.6 Stealth
 + Level 3.7 Spellcasting
 - Level 5.7 Conjurations


You had 4 spell levels left.
You knew the following spells:

 Your Spells              Type           Power        Failure   Level  Hunger
a - Magic Dart            Conj           ###.         1%          1    None
b - Searing Ray           Conj           ###...       2%          2    ##.....
c - Dazzling Spray        Conj/Hex       ##....       14%         3    ###....

Your spell library contained the following spells:

 Spells                   Type           Power        Failure   Level  Hunger
 Iskenderun's Mystic Bla  Conj           ###.....     14%         4    ####...
 Force Lance              Conj/Tloc      ##......     43%         4    ####...
 Fulminant Prism          Conj/Hex       ##........   43%         4    ####...


Dungeon Overview and Level Annotations

Branches:
Dungeon (4/15)
 Temple: D:4-7

Altars:
Ashenzari
Elyvilon
Qazlal
Wu Jian
Xom

Annotations:
D:3 Sigmund
D:4 Ijyb


Innate Abilities, Weirdness & Mutations

You cannot wear armour.
You are incapable of wielding weapons or throwing items.
Your paws allow you to move quietly. (Stealth)
You have sharp claws.
You have razor-sharp teeth.
You have supernaturally acute eyesight. (SInv)
You are carnivorous and can eat meat at any time.
You cover ground quickly.
You are covered in fur. (AC +1)
You have a slow metabolism.
Your sharp claws are effective at attacking unaware monsters.


Message History

The magic dart hits Ijyb.
Ijyb is lightly wounded.
Ijyb zaps a wand.
The bolt of acid misses you.
Casting: Magic Dart (safe; 1% risk of failure)
Confirm with . or Enter, or press ? or * to list all spells.
Aiming: Magic Dart (safe; 1% risk of failure)
Press: ? - help, Shift-Dir - straight line, f/p - Ijyb
Aim: Ijyb, wearing a +0 scale mail and carrying a wand of acid (9) (lightly The magic dart hits Ijyb.
Ijyb is lightly wounded.
Ijyb zaps a wand.
The bolt of acid hits you!
Ouch! That really hurt!
* * * LOW HITPOINT WARNING * * *
The acid corrodes you!
You are splashed with acid!
The acid burns!
You die...
You are now level 4!
You rejoin the land of the living...
Found 20 stones and 11 gold pieces.
Found a stone staircase leading down.
Unknown command.
Are you sure you want to abandon this character and quit the game? (Confirm

.# #.. ..
# ##.. ..#
.# ##.#
...# ..#
..### ..#
.... .#
###..# ..
#....# #
#.(@.#
.......$.#
#.######.#
.# ># ..
.. ..#


There were no monsters in sight!

Vanquished Creatures
  An orc priest (D:3)
  A worker ant (D:4)
  Robin (D:3)
  5 gnolls
  5 adders
  2 dart slugs
  2 worms
  2 leopard geckos (D:2)
  3 orcs (D:3)
  10 bats
  3 giant cockroaches (D:3)
  19 goblins
  8 hobgoblins
  8 jackals
  4 kobolds
  A quokka (D:2)
  2 frilled lizards (D:1)
  9 rats
86 creatures vanquished.

Notes
Turn   | Place    | Note
-------+----------+-------------------------------------------
     0 | D:1      | inc the Felid Conjurer began the quest for the Orb.
     0 | D:1      | Reached XP level 1. HP: 7/7 MP: 4/4
   139 | D:1      | Reached skill level 4 in Conjurations
   193 | D:1      | Reached XP level 2. HP: 11/11 MP: 4/6
   209 | D:1      | Learned a level 2 spell: Searing Ray
   551 | D:1      | Reached XP level 3. HP: 14/14 MP: 2/7
  1047 | D:2      | Found an ornate altar of the Wu Jian Council.
  1182 | D:2      | Found a white marble altar of Elyvilon.
  1327 | D:2      | Found a shattered altar of Ashenzari.
  1526 | D:2      | Reached skill level 5 in Conjurations
  1762 | D:2      | Became a worshipper of Elyvilon the Healer
  1814 | D:3      | Reached XP level 4. HP: 18/18 MP: 0/8
  2000 | D:3      | Found a shimmering altar of Xom.
  2093 | D:3      | Noticed Sigmund
  2402 | D:3      | Learned a level 3 spell: Dazzling Spray
  2445 | D:3      | Reached XP level 5. HP: 21/21 MP: 6/9
  2909 | D:3      | Noticed Robin
  2943 | D:3      | Killed Robin
  3143 | D:3      | Found a stormy altar of Qazlal.
  3353 | D:3      | Reached * piety under Elyvilon
  3579 | D:4      | Noticed Ijyb
  3584 | D:4      | Splashed by Ijyb's acid
  3585 | D:4      | Reached XP level 4. HP: -7/18 MP: 5/10
  3585 | D:4      | Quit the game

Vault maps used:
D:1:      minmay_arrival_plants_in_alcoves
D:2:      old_standard_altar, lemuel_doored_altar, evilmike_ruin_ashenzari
D:3:      nicolae_qazlal_general_emergency, xom_teletrap_fun, uniq_sigmund,
          uniq_robin
D:4:      grunt_temple_overflow_open, minmay_temple_entry_junction_2,
          serial_shops, shop, gammafunk_ghost_icy, uniq_crazy_yiuf_cottage,
          uniq_duvessa, uniq_edmund, uniq_ijyb

Skill      XL: |  1  2  3  4  5 |
---------------+----------------+-----
Conjurations   | 4 5 |  5.7
Spellcasting   | 3 |  3.7
Dodging        | |  2.6
Stealth        | |  2.6

Action                   |  1- 3 |  4- 6 || total
-------------------------+-------+-------++-------
Melee: Unarmed           |     1 |     7 ||     8
 Cast: Magic Dart        |    84 |   112 ||   196
       Searing Ray       |       |     3 ||     3
  Use: Scroll            |       |     6 ||     6
  Eat: Chunk             |     1 |     5 ||     6
Armor: Skin              |     2 |       ||     2
Dodge: Dodged            |    14 |    20 ||    34

Table legend:
 A = Non-vault XP
 B = Vault XP
 C = Vault XP percentage of total XP
 D = Non-vault monster count
 E = Vault monster count
 F = Vault count percentage of total count
                 A         B        C        D         E       F
            +---------+---------+-------+---------+---------+-------
      Total |     334 |      36 |   9.7 |      74 |      12 |  14.0
            +---------+---------+-------+---------+---------+-------
        D:1 |      43 |       0 |   0.0 |      17 |       0 |   0.0
        D:2 |      49 |       0 |   0.0 |      19 |       0 |   0.0
        D:3 |     180 |      36 |  16.7 |      35 |      12 |  25.5
        D:4 |      62 |       0 |   0.0 |       3 |       0 |   0.0
            +---------+---------+-------+---------+---------+-------
